Cogmind - Beta 12 @@@ ROGUE MODE // 2023.10.06 @ 23:44:21 // Winter2019/RPGLIKE Player: Luminiferous Result: Destroyed by G-47 Trooper via exploding Nuclear Reactor Performance ------------- Evolutions (2) 1000 Regions Visited (4) 800 Robots Destroyed (41) 205 Value Destroyed (1068) 1068 Prototype IDs (0) 0 Alien Tech Used (0) 0 Bonus (140) 140 TOTAL SCORE: 3213 Bonus ------- High Alert Combat Kills 140 Cogmind --------- Core Integrity 0/1000 Matter 4/300 Energy 150/150 System Corruption 0% Temperature Critical (553) Movement Flying (32) Location -8/Materials Parts ------- > --- POWER (2) -------- Light Ion Engine Light Ion Engine > --- PROPULSION (4) --- Cesium-ion Thruster Cesium-ion Thruster Cesium-ion Thruster Cesium-ion Thruster > --- UTILITY (5) ------ Weight Redist. System Signal Interpreter ECM Suite > --- WEAPON (2) ------- Improved Light Cannon Improved Light Cannon > --- INVENTORY (3) ---- Rocket Launcher Heavy Hammer Peak State ------------ > --- POWER ------------ Improved Ion Engine Improved Ion Engine > --- PROPULSION ------- Cesium-ion Thruster Cesium-ion Thruster Cesium-ion Thruster Cesium-ion Thruster > --- UTILITY ---------- Weight Redist. System Signal Interpreter ECM Suite > --- WEAPON ----------- Improved Light Cannon Improved Light Cannon > --- INVENTORY -------- Light Ion Engine Rocket Launcher Heavy Hammer [Rating: 24] Favorites ----------- Power Light Ion Engine Engine Light Ion Engine Propulsion Improved Hover Unit Leg Aluminum Leg Hover Unit Improved Hover Unit Flight Unit Cesium-ion Thruster Utility ECM Suite Device ECM Suite Processor Signal Interpreter Weapon Improved Light Cannon Energy Gun Medium Laser Ballistic Cannon Improved Light Cannon Launcher Rocket Launcher Impact Weapon Heavy Hammer Build | -11 -10 -9 -9 -8 ------- Run | Jun Mat Mat Min Mat Slots Evolved 9 | 3 2 2 1 1 Power 1 | . . 1 . . Propulsion 3 | 1 2 . . . Utility 4 | 1 . 1 1 1 Weapon 1 | 1 . . . . Parts Attached 54 | 5 18 24 2 5 Power 8 | 1 1 4 . 2 Engine 8 | 1 1 4 . 2 Core . | . . . . . Reactor . | . . . . . Propulsion 14 | 2 3 9 . . Treads . | . . . . . Leg 2 | 2 . . . . Wheel . | . . . . . Hover 4 | . 3 1 . . Flight 8 | . . 8 . . Utility 4 | . 3 1 . . Device 2 | . 1 1 . . Storage . | . . . . . Processor 2 | . 2 . . . Hackware . | . . . . . Protection . | . . . . . Artifact . | . . . . . Weapon 28 | 2 11 10 2 3 Energy Gun 2 | 2 . . . . Energy Cannon . | . . . . . Ballistic Gun . | . . . . . Ballistic Cannon 15 | . 7 5 . 3 Launcher 8 | . 4 3 1 . Special Weapon . | . . . . . Impact Weapon 3 | . . 2 1 . Slashing Weapon . | . . . . . Piercing Weapon . | . . . . . Special Melee Weapon . | . . . . . Unidentified Prototypes . | . . . . . Parts Lost . | . . . . . Power . | . . . . . Propulsion . | . . . . . Utility . | . . . . . Weapon . | . . . . . Highest Loss Streak . | . . . . . To Critical Strikes . | . . . . . Average Slot Usage (%) 92 | . 93 94 91 80 Engine 13 | . 12 13 16 15 Leg 2 | . 4 . . . Hover 19 | . 30 5 . . Flight 13 | . . 31 33 30 Device 11 | . 9 12 16 15 Processor 10 | . 11 10 8 7 Energy Gun 2 | . 4 . . . Ballistic Cannon 17 | . 19 19 11 7 Naked Turns . | . . . . . Heaviest Build 24 | 9 15 24 24 23 Greatest Support 31 | 20 21 31 31 26 Greatest Overweight (x) 3 | 2 1 3 . . Average Overweight (x) . | . . . . . Largest Inventory Capacity 3 | . 2 3 3 3 Average Capacity 1 | . 1 2 3 3 Most Carried 3 | . 2 3 3 3 Average Carried 1 | . . 1 3 2 Final Capacity 3 | . 2 3 3 3 Final Carried 3 | . 2 3 3 2 Class Distribution -------------------- 63% | Mutant 36% | Sprinter Dominant Class ---------------- Mutant | -10/Materials Sprinter | -9/Materials Sprinter | -9/Mines Sprinter | -8/Materials Resources | -11 -10 -9 -9 -8 ----------- Run | Jun Mat Mat Min Mat Matter Collected 1226 | 250 299 677 . . Remotely . | . . . . . Salvage Created 899 | . 292 576 31 . Parts 73 | . 25 47 . 1 Haulers Intercepted . | . . . . . Recyclers Shooed 1 | . 1 . . . Parts Field Recycled . | . . . . . Retrieved Matter . | . . . . . Parts Self-Destructed . | . . . . . Prevented . | . . . . . Kills | -11 -10 -9 -9 -8 ------- Run | Jun Mat Mat Min Mat Combat Hostiles Destroyed 37 | . 12 16 8 1 Cannons 15 | . 3 10 1 1 AOE 22 | . 9 6 7 . Classes Destroyed 9 | . 4 4 1 . Recycler 4 | . 2 2 . . Mechanic 1 | . . 1 . . Operator 1 | . . 1 . . Watcher 6 | . 2 4 . . Swarmer 10 | . 6 4 . . Grunt 13 | . 6 6 . 1 Duelist 1 | . . 1 . . Sentry 5 | . . 5 . . Assembled 8 | . . . 8 . Best Kill Streak 9 | . 4 9 8 1 Combat Bots Only 8 | . 3 7 8 1 Max Kills in Single Turn 4 | . 4 3 2 1 Gunslinging . | . . . . . Exploded 3 | . 3 2 2 . Melee . | . . . . . Uniques/NPCs Destroyed . | . . . . . Combat | -11 -10 -9 -9 -8 -------- Run | Jun Mat Mat Min Mat Damage Taken 1639 | . 175 207 802 455 Core 1324 | . 135 168 655 366 Absorbed by Shields . | . . . . . Redirected to Core 1040 | . 123 126 479 312 Core Remaining (%) 69 | 100 90 . 18 . Volleys Fired 77 | . 25 27 12 13 Largest 2 | . 2 2 2 2 Hottest 100 | . 100 78 78 78 Shots Fired 150 | . 50 54 22 24 Gun 4 | . 4 . . . Cannon 125 | . 37 48 16 24 Launcher 21 | . 9 6 6 . Special . | . . . . . Kinetic 125 | . 37 48 16 24 Thermal 4 | . 4 . . . Explosive 21 | . 9 6 6 . Electromagnetic . | . . . . . Robot Hit Streak 8 | . 4 7 3 8 Robot Miss Streak 7 | . 3 5 7 3 Penetration Max . | . . . . . Secondary Targets . | . . . . . Shots Hit Robots 71 | . 24 24 7 16 Core Hits 73 | . 18 31 20 4 Critical Kills . | . . . . . Critical Parts Destroyed . | . . . . . Critical Strikes 3 | . . 1 1 1 Blast 3 | . . 1 1 1 Melee Attacks 8 | . . 2 6 . Impact 8 | . . 2 6 . Slashing . | . . . . . Piercing . | . . . . . Sneak Attacks . | . . . . . Combat Hostiles . | . . . . . Follow-up Attacks . | . . . . . Damage Inflicted 3469 | . 1107 1239 800 323 Guns 25 | . 25 . . . Cannons 1411 | . 408 571 109 323 Explosions 2033 | . 674 668 691 . Melee . | . . . . . Ramming . | . . . . . Kinetic 1411 | . 408 571 109 323 Thermal 25 | . 25 . . . Explosive 2033 | . 674 668 691 . Electromagnetic . | . . . . . Impact . | . . . . . Slashing . | . . . . . Piercing . | . . . . . Highest Corruption . | . . . . . Average Corruption . | . . . . . Corruption Purged . | . . . . . Corruption Blocked . | . . . . . Overload Shots . | . . . . . Overflow Damage 95 | . 35 33 27 . Projectiles 14 | . 14 . . . Explosions 81 | . 21 33 27 . Melee . | . . . . . Knockbacks 13 | . 5 2 . 6 Impact . | . . . . . Kinetic 12 | . 5 2 . 5 Secondary 1 | . . . . 1 Self-Inflicted Damage 85 | . . 23 62 . Shots 3 | . . 1 2 . Rammed . | . . . . . Targets Rammed . | . . . . . Kicked . | . . . . . Crushed . | . . . . . Highest Temperature 553 | . 130 448 514 553 Average Temperature 173 | . 38 192 246 309 Received Heat Transfer 432 | . 63 93 60 216 Effects 35 | . . 13 15 7 Shutdowns 17 | . . 8 5 4 Energy Bleed 3 | . . 2 1 . Interference 4 | . . . 3 1 Matter Decay 1 | . . 1 . . Short Circuit 4 | . . . 3 1 Damage (minor) 4 | . . 2 2 . Damage (major) 1 | . . . . 1 Damage (core) 1 | . . . 1 . Siege Activations . | . . . . . Robots Corrupted . | . . . . . Combat Hostiles . | . . . . . Parts Fried . | . . . . . Impact Corruptions . | . . . . . Robots Melted . | . . . . . Combat Hostiles . | . . . . . Parts Melted . | . . . . . Heat Transferred 74 | . 74 . . . Parts Sabotaged . | . . . . . Parts Stolen . | . . . . . Parts Stripped . | . . . . . Power Chain Reactions . | . . . . . Missiles Intercepted . | . . . . . Alert | -11 -10 -9 -9 -8 ------- Run | Jun Mat Mat Min Mat Peak Influence 830 | . 302 830 398 192 Initial 323 | . . 127 323 154 Average 223 | . 133 437 368 167 Maximum Alert Level 3 | . 1 3 1 . Low Security (%) 50 | 100 66 8 . 100 Level 1 37 | . 33 42 100 . Level 2 8 | . . 35 . . Level 3 3 | . . 13 . . Level 4 . | . . . . . Level 5 . | . . . . . High Security . | . . . . . Max Security . | . . . . . Squads Dispatched 3 | . 2 1 . . Investigation 1 | . 1 . . . Extermination . | . . . . . Reinforcement 2 | . 1 1 . . Assault . | . . . . . Garrison . | . . . . . Intercept . | . . . . . Searches Triggered . | . . . . . Construction Impeded . | . . . . . Haulers Reinforced . | . . . . . Active Scanning Responses . | . . . . . Cargo Convoy Interrupts . | . . . . . Stealth | -11 -10 -9 -9 -8 --------- Run | Jun Mat Mat Min Mat Distress Signals 2 | . 1 1 . . Communications Jammed . | . . . . . Distress Signals . | . . . . . Times Spotted 75 | . 23 19 30 3 Peak Tracking Total 20 | . 4 6 20 3 Tactical Retreats 4 | . . . 4 . Traps | -11 -10 -9 -9 -8 ------- Run | Jun Mat Mat Min Mat Traps Triggered 2 | . 2 . . . Indirectly . | . . . . . Trap Hack Attempts . | . . . . . Triggered . | . . . . . Disarmed . | . . . . . Reprogrammed . | . . . . . Reused . | . . . . . Traps Extracted . | . . . . . Installed . | . . . . . Triggered . | . . . . . Machines | -11 -10 -9 -9 -8 ---------- Run | Jun Mat Mat Min Mat Machines Disabled 5 | . 4 1 . . Max in Single Turn 1 | . 1 1 . . Machines Repaired . | . . . . . Machines Sabotaged . | . . . . . Overloaded Fab Kills . | . . . . . Hacking | -11 -10 -9 -9 -8 --------- Run | Jun Mat Mat Min Mat Machines Accessed 6 | . 2 3 . 1 Terminals 6 | . 2 3 . 1 Fabricators . | . . . . . Repair Stations . | . . . . . Recycling Units . | . . . . . Scanalyzers . | . . . . . Garrison Access . | . . . . . Total Hacks 25 | . 8 13 . 4 Successful 9 | . 3 5 . 1 Failed 16 | . 5 8 . 3 Catastrophic 2 | . 2 . . . Database Lockouts . | . . . . . Manual 18 | . 8 6 . 4 Terminals 25 | . 8 13 . 4 Fabricators . | . . . . . Repair Stations . | . . . . . Recycling Units . | . . . . . Scanalyzers . | . . . . . Garrison Access . | . . . . . Terminal Hacks 5 | . 2 3 . . Record 2 | . . 2 . . Branch Access Points 2 | . 1 1 . . Terminal Index 1 | . 1 . . . Fabricator Hacks . | . . . . . Repair Station Hacks . | . . . . . Recycling Unit Hacks . | . . . . . Scanalyzer . | . . . . . Garrison Access Hacks . | . . . . . Unauthorized Hacks 4 | . 1 2 . 1 Terminals 4 | . 1 2 . 1 Botnet 4 | . 1 2 . 1 Fabricators . | . . . . . Repair Stations . | . . . . . Recycling Units . | . . . . . Scanalyzers . | . . . . . Garrison Access . | . . . . . Data Cores Recovered . | . . . . . Used . | . . . . . Hacking Detections 6 | . 2 3 . 1 Full Trace Events 4 | . 1 3 . . Feedback Events . | . . . . . Feedback Blocked . | . . . . . Robot Schematics Acquired . | . . . . . Robots Built . | . . . . . Authchips . | . . . . . Time . | . . . . . Total Robot Build Rating . | . . . . . Part Schematics Acquired . | . . . . . Parts Built . | . . . . . Authchips . | . . . . . Time . | . . . . . Total Part Build Rating . | . . . . . Parts Repaired . | . . . . . Time . | . . . . . Parts Recycled . | . . . . . Recycled Matter . | . . . . . Retrieved Matter . | . . . . . Retrieved Components . | . . . . . Parts Scanalyzed . | . . . . . Part Schematics Acquired . | . . . . . Parts Damaged . | . . . . . Bothacking | -11 -10 -9 -9 -8 ------------ Run | Jun Mat Mat Min Mat Used RIF Installer . | . . . . . Robots Hacked . | . . . . . Non-combat . | . . . . . Combat . | . . . . . Robot Hacks Applied . | . . . . . Relay Couplers Released . | . . . . . Fabnet Peak Effective % . | . . . . . Robots Rewired . | . . . . . Allies Hacked . | . . . . . Hacks Repelled . | . . . . . Allies | -11 -10 -9 -9 -8 -------- Run | Jun Mat Mat Min Mat Total Allies . | . . . . . Largest Group . | . . . . . Highest-Rated Group . | . . . . . Highest-Rated Ally . | . . . . . Total Orders . | . . . . . Ally Attacks . | . . . . . Total Damage . | . . . . . Kills . | . . . . . Allies Corrupted . | . . . . . Allies Melted . | . . . . . Intel | -11 -10 -9 -9 -8 ------- Run | Jun Mat Mat Min Mat Robot Analysis Total . | . . . . . Derelict Logs Recovered . | . . . . . Drone Launches . | . . . . . Drone Recoveries . | . . . . . Exploration | -11 -10 -9 -9 -8 ------------- Run | Jun Mat Mat Min Mat Turns Passed 1334 | 57 751 323 111 92 Spaces Moved 1774 | 38 935 533 143 125 Core 13 | 13 . . . . Treads . | . . . . . Legs 112 | 25 87 . . . Wheels . | . . . . . Hover 898 | . 848 50 . . Flight 751 | . . 483 143 125 Fastest Speed 26 | 50 52 26 26 29 Average Speed 46 | 121 58 30 27 29 Slowest Speed 280 | 150 120 280 29 29 Overloaded Moves . | . . . . . Propulsion Burnouts . | . . . . . Robots Hopped 9 | . . 6 3 . Cave-ins Triggered . | . . . . . Exploration Rate (%) 42 | 5 99 51 48 8 Regions Visited 4 Branch Regions 1 Pre-discovered Areas . | . . . . . Known Exits Taken 3 | . 1 1 1 . Unknown Exits Taken 1 | 1 . . . . Scrap Searched . | . . . . . Spaces Dug 23 | . . 17 6 . Terrain Destroyed 164 | . 47 56 60 1 Melee 8 | . . 2 6 . Projectile 6 | . . 1 4 1 AOE 150 | . 47 53 50 . Terrain Rammed . | . . . . . Walls Destroyed . | . . . . . Machines Disabled . | . . . . . Actions | -11 -10 -9 -9 -8 --------- Run | Jun Mat Mat Min Mat Total 2093 | 46 1085 627 177 158 Wait 122 | 4 88 7 18 5 Move 1752 | 37 934 520 136 125 Hop 9 | . . 6 3 . Pick Up 26 | . 6 16 . 4 Fast Attach 16 | 5 9 1 . 1 Attach 11 | . . 10 . 1 Detach 1 | . . 1 . . Swap 27 | . 9 13 2 3 Drop 29 | . 10 13 . 6 Fire 77 | . 25 27 12 13 Melee 8 | . . 2 6 . Ram . | . . . . . Kick . | . . . . . Crush . | . . . . . Escape Stasis . | . . . . . Rewire . | . . . . . Trap . | . . . . . Miscellaneous 15 | . 4 11 . . Route ------- -11/Junkyard -10/Materials (discovered 4 exits: *Mat x3 / *Min) -9/Materials (discovered 2 exits: *Mat / *Min) -9/Mines -8/Materials History --------- Turn | Location | Event 11 | -11/Junkyard | Upgraded with Propulsion slot (x1) 11 | -11/Junkyard | Upgraded with Utility slot (x1) 11 | -11/Junkyard | Upgraded with Weapon slot (x1) 29 | -11/Junkyard | Discovered new exit (range 16) 58 | -11/Junkyard | Entered Materials 109 | -10/Materials | Identified exit to Mines 169 | -10/Materials | Upgraded with Propulsion slot (x1) 295 | -10/Materials | Discovered new exit (range 12) 304 | -10/Materials | Build established: Mutant 537 | -10/Materials | Discovered new exit (range 7) 601 | -10/Materials | Discovered new exit (range 5) 618 | -10/Materials | Reached level 2 659 | -10/Materials | Upgraded with Propulsion slot (x1) 736 | -10/Materials | Identified exit to Materials 809 | -10/Materials | Entered another Materials area 811 | -9/Materials | Reached level 3 962 | -9/Materials | Discovered new exit (range 11) 965 | -9/Materials | Identified exit to Materials 988 | -9/Materials | Reached level 4 995 | -9/Materials | Upgraded with Power slot (x1) 995 | -9/Materials | Upgraded with Utility slot (x1) 1041 | -9/Materials | Destroyed 7 combat bots 1070 | -9/Materials | Identified exit to Mines 1132 | -9/Materials | Entered Mines 1134 | -9/Mines | Reached level 5 1146 | -9/Mines | Upgraded with Utility slot (x1) 1152 | -9/Mines | Assembled infested the area 1159 | -9/Mines | Build established: Sprinter 1193 | -9/Mines | Core integrity fell below 50% 1198 | -9/Mines | Core integrity fell below 20% 1213 | -9/Mines | Destroyed 8 combat bots 1241 | -9/Mines | Discovered exit to Materials (range 8) 1243 | -9/Mines | Entered Materials 1244 | -8/Materials | Core integrity fell below 50% 1244 | -8/Materials | Core integrity fell below 20% 1245 | -8/Materials | Reached level 6 1245 | -8/Materials | Upgraded with Utility slot (x1) 1335 | -8/Materials | Destroyed by G-47 Trooper via exploding Nuclear Reactor Last Messages --------------- 01272_ Acquired Broken Rocket Launcher. 01273_ Acquired Imp. Light Cannon. 01299_ G-47 Trooper knocked back. 01302_ G-50 Soldier knocked back. 01308_ G-50 Soldier destroyed. 01311_ G-47 Trooper knocked back. 01318_ Power failure, Lgt. Ion Engine shutdown. 01320_ G-47 Trooper knocked back. 01322_ Cesium-ion Thruster broken. 01322_ Overheating: Short circuit. 01323_ Power failure, Lgt. Ion Engine shutdown. 01329_ G-47 Trooper Aluminum Leg blasted off. 01329_ G-47 Trooper knocked back. 01329_ R-06 Scavenger collects Adv. Heat Sink. 01330_ Overheating: System interference. 01330_ Imp. Light Cannon temporarily disabled. 01330_ K-01 Serf collects debris. 01334_ Overheating: Imp. Light Cannon damaged (-21). 01335_ Nuclear Reactor explodes. 01335_ Power failure, Lgt. Ion Engine shutdown. Map ----- +----------------------------------------------------+ | ??????????????????????????????????????????? | | ??????????????????????????????????????????? | | ??????????????????????????????????????????? | | ??????????????????????????????????????????? | | ??????????????????????????????????????????? | | ??????????????????????????????????????????? | | ?????????????????????????????????????????? | | ???????????????????????????????????????? | | "???????????????????????????????????????? | | ""??????????????????????????????????????? | | """????????????????????? ??????????????? | | "?????????????????????? ??????????????? | | ??????????????????????? ??????????????? | | ???????????????????????? #?????????????? | | #???????????????????????? +?????????????? | | #???????????????????????? #?????????????? | | #???????????????????????? #?#???????????? | | ##??????????????????????# ????????????? | | #??????????????????????# ?????????????? | | #??????????????????????# ###???????????? | | #??????????????????????# # ????????????? | | ######################## %+?????????????? | | #?????????????? | | ################ r?u #?????????????? | | ???????????????########;;#g####???????????? | | ?????????????????# %%g% @ #???????????? | | ?????????????????# % #???????????? | | ?????????????????# """ #???????????? | | ?????????????????# """ #???????????? | | ?????????????????# """ #???????????? | | ?????????????????##############???????????? | | | | | | | | | | | | | | | | | | | | | | | | | | | | | | | | | | | | | | | +----------------------------------------------------+ Best States ------------- Heat Dissipation 25 Energy Generation 24 Energy Capacity 430 Matter Stores 300 Matter Capacity 300 Sight Range 16 Robot Scan Range 12 Terrain Scan Density 110 ECM Strength 1 Additional Mass Support 6 Evasion (%) 64 Targeting Accuracy 5 Item Schematics ----------------- None Robot Schematics ------------------ None Fabricated ------------ Nothing Alien Tech Used ----------------- None Achievements -------------- Hunted Slippery One Challenges ------------ None RPGLIKE | -11 -10 -9 -9 -8 --------- Run | Jun Mat Mat Min Mat Levels Raised 5 | . 1 2 1 1 XP Earned 10901 | 3000 1885 3866 500 1650 XP Spent 10305 | 1500 2650 3285 1150 1720 Upgrades 29 | 3 4 15 2 5 Power Slot 1 | . . 1 . . Propulsion Slot 3 | 1 2 . . . Utility Slot 4 | 1 . 1 1 1 Weapon Slot 1 | 1 . . . . Core Integrity 8 | . . 4 . 4 Energy Generation 1 | . . 1 . . Mass Support 1 | . . 1 . . Inventory Capacity 3 | . 2 1 . . Sensor Range 6 | . . 6 . . Terrain Scan Density 1 | . . . 1 . Protomatter Created 270 | . 79 158 1 32 Integrity Restored 303 | . 75 228 . . Core 303 | . 75 228 . . Protomatter Decayed 99 | . 26 73 . . Game ------ Seed WardroneShadingTerminator Manual? 0 Play Time 00:28:28 Cumulative 7.2 hours Start 2023.10.06 @ 23:17:45 End 2023.10.06 @ 23:44:21 Sessions 1 Manual Loads 0 Difficulty Rogue Special Mode Winter2019/RPGLIKE Game No. 23 Rogue 23 Adventurer 0 Explorer 0 Win Type - Total 0 Types 0/0/0/0/0/0/0/0/0 Lore% 6 Gallery% 16 Achievement% 20 Wizard Run 0 Options --------- ASCII 0 Keyboard 0 Movement Mouse Keybinds 1 Fullscreen 1 Font 18/Smallcaps Map View 76x50 Tactical HUD 1 Map Filters SHIFT_HUE(270)|BRIGHTNESS(75) Filters SHIFT_HUE(90)|BRIGHTNESS(125) Steam 1 RUN: b2713f29-be29-40e4-afb9-805194c5f7f9